 Dungeon Crawl Stone Soup version 0.21.1-1-g345015f (webtiles) character file.

663 tidbits the Insei (level 7, -1/52 HPs)
             Began as a Gnoll Transmuter on Mar 10, 2018.
             Slain by Joseph
             ... wielding a cursed +0 quarterstaff
              (5 damage)
             ... on level 7 of the Dungeon.
             The game lasted 00:09:59 (1054 turns).

tidbits the Insei (Gnoll Transmuter)                Turns: 1054, Time: 00:10:00

Health: -1/52      AC:  7    Str: 15    XL:     7   Next: 56%
Magic:  7/15       EV: 15    Int: 17    God:
Gold:   170        SH:  0    Dex: 16    Spells: 11/17 levels left

rFire    . . .     SeeInvis +   a - +0 dagger
rCold    . . .     Gourm    .   (no shield)
rNeg     . . .     Faith    .   B - +1 robe of Yesterday {SInv} (curse)
rPois    +         Spirit   .   (helmet restricted)
rElec    .         Reflect  .   C - +2 cloak
rCorr    .         Harm     .   G - +0 pair of gloves (curse)
MR       .....                  (no boots)
Stlth    ++........             (no amulet)
HPRegen  0.17/turn              P - ring of poison resistance
MPRegen  0.14/turn              q - +3 ring of strength

@: no status effects
A: distributed training, antennae 2, fangs 1, strong nose
a: no special abilities


You were on level 7 of the Dungeon.
You were not hungry.

You visited 1 branch of the dungeon, and saw 7 of its levels.

You collected 170 gold pieces.

Inventory:

Hand Weapons
 a - a +0 dagger (weapon)
 p - a +0 shortbow
 u - a +0 battleaxe
Missiles
 i - 5 tomahawks (quivered)
 m - 6 curare-tipped needles
 s - 56 arrows
 t - 10 stones
Armour
 b - a +0 robe
 f - a +0 ring mail
 B - the cursed +1 robe of Yesterday (worn) {SInv}
   (You took it off an orc on level 4 of the Dungeon)

   It lets you see invisible.
   It has a curse placed upon it.
 C - a +2 cloak (worn)
 G - a cursed +0 pair of gloves (worn)
Jewellery
 q - a +3 ring of strength (right hand)
   (You found it on level 4 of the Dungeon)
 P - a ring of poison resistance (left hand)
   (You found it on level 1 of the Dungeon)
Wands
 w - a wand of acid (6)
Scrolls
 e - 3 scrolls of amnesia
 h - 2 scrolls of immolation {unknown}
 j - a scroll of teleportation {unknown}
 n - 2 scrolls of random uselessness {unknown}
 o - a scroll of fog
 x - a scroll of enchant armour {unknown}
Potions
 k - a potion of flight
 r - a potion of ambrosia
 v - a potion of lignification
Books
 c - a book of Changes

   Spells                             Type                      Level
   a - Beastly Appendage              Transmutation                1
   b - Sticks to Snakes               Transmutation                2
   c - Spider Form                    Transmutation/Poison         3
   d - Ice Form                       Ice/Transmutation            4
   e - Blade Hands                    Transmutation                5
 g - a book of Flames
   (You found it on level 5 of the Dungeon)

   Spells                             Type                      Level
   a - Flame Tongue                   Conjuration/Fire             1
   b - Throw Flame                    Conjuration/Fire             2
   c - Conjure Flame                  Conjuration/Fire             3
   d - Inner Flame                    Hexes/Fire                   3
   e - Sticky Flame                   Conjuration/Fire             4
   f - Fireball                       Conjuration/Fire             5
Comestibles
 d - 8 rations
 l - 3 chunks of flesh


   Skills:
 + Level 3.6 Fighting
 + Level 2.5 Short Blades
 + Level 2.5 Long Blades
 + Level 2.5 Axes
 + Level 2.5 Maces & Flails
 + Level 2.5 Polearms
 + Level 2.5 Staves
 + Level 2.5 Slings
 + Level 2.5 Bows
 + Level 2.5 Crossbows
 + Level 2.5 Throwing
 + Level 2.5 Armour
 + Level 5.2 Dodging
 + Level 2.5 Stealth
 + Level 2.5 Shields
 + Level 7.0 Unarmed Combat
 + Level 5.6 Spellcasting
 + Level 2.0 Conjurations
 + Level 2.0 Hexes
 + Level 2.0 Charms
 + Level 2.0 Summonings
 + Level 2.0 Necromancy
 + Level 2.0 Translocations
 + Level 4.3 Transmutations
 + Level 2.0 Fire Magic
 + Level 2.0 Ice Magic
 + Level 2.0 Air Magic
 + Level 2.0 Earth Magic
 + Level 2.0 Poison Magic
 + Level 2.8 Invocations
 + Level 2.5 Evocations


You had 11 spell levels left.
You knew the following spells:

 Your Spells              Type           Power        Failure   Level  Hunger
e - Beastly Appendage     Tmut           ###...       2%          1    None
k - Sticks to Snakes      Tmut           ###.....     3%          2    #......
p - Spider Form           Tmut/Pois      ###.......   11%         3    ##.....


Dungeon Overview and Level Annotations

Branches:
Dungeon (7/15)
 Temple: D:4-7

Altars:
Ashenzari

Annotations:
D:2 exclusion: orc warrior
D:3 Jessica
D:7 Joseph


Innate Abilities, Weirdness & Mutations

Your experience applies equally to all skills.
You have very sharp teeth.
Your uncanny sense of smell can sniff out nearby items.
You have a pair of antennae on your head.


Message History

Aim: an orc, wielding a trident You throw a tomahawk.
The tomahawk hits the orc.
The orc is moderately wounded.
Throwing (i - inventory. (,) - cycle):
i - 3 tomahawks (quivered)
Press: ? - help, Shift-Dir - straight line, f/p - orc
Aim: an orc, wielding a trident (moderately wounded)
You throw a tomahawk. The tomahawk hits the orc.
You kill the orc!
Throwing (i - inventory. (,) - cycle):
i - 2 tomahawks (quivered)
Press: ? - help, Shift-Dir - straight line, f - leopard gecko
Aim: a leopard gecko (clinging)
You throw a tomahawk. The tomahawk hits the leopard gecko.
The leopard gecko is moderately wounded.
Casting: Beastly Appendage
Confirm with . or Enter, or press ? or * to list all spells.
You turn into a venomous arachnid creature.
Your +0 dagger melds into your body.
Your +2 cloak melds into your body.
Your cursed +0 pair of gloves melds into your body.
The cursed +1 robe of Yesterday {SInv} melds into your body.
You hit the leopard gecko.
You kill the leopard gecko!
You see here a scroll labeled RIEBIM SEDOMU.
Unknown command.
x - a scroll labeled RIEBIM SEDOMU Unknown command.
Found 12 gold pieces.
Things that are here:
2 tomahawks; a trident
i - 3 tomahawks (gained 2)
You see here a tomahawk.
i - 4 tomahawks (gained 1)
You see here a tomahawk.
i - 5 tomahawks (gained 1)
Your transformation is almost over.
You see here a scroll of identify.
As you read the scroll of identify, it crumbles to dust.
r - a potion of ambrosia
Found a stone staircase leading down.
A worker ant comes into view.
Your transformation has ended.
Your +0 dagger unmelds from your body.
Your +2 cloak unmelds from your body.
Your cursed +0 pair of gloves unmelds from your body.
The cursed +1 robe of Yesterday {SInv} unmelds from your body.
The worker ant twitches its antennae in your direction.
You see here 12 gold pieces.
You now have 170 gold pieces (gained 12).
Casting: Spider Form
Confirm with . or Enter, or press ? or * to list all spells.
You create a snake!
You now have 57 arrows.
Casting: Sticks to Snakes
Confirm with . or Enter, or press ? or * to list all spells.
You turn into a venomous arachnid creature.
Your +0 dagger melds into your body.
Your +2 cloak melds into your body.
Your cursed +0 pair of gloves melds into your body.
The cursed +1 robe of Yesterday {SInv} melds into your body.
The worker ant closely misses you.
You barely miss the worker ant. The worker ant completely misses you.
You bite the worker ant!
The worker ant looks as sick as possible!
The worker ant is severely wounded.
You kill the worker ant!
There is a stone staircase leading down here.
You climb downwards.
Your summoned ally is left behind.
Joseph, a Mercenary comes into view.
He is wielding a quarterstaff.
Found a glowing glass wand.
There is a stone staircase leading up here.
Joseph shouts!
Casting: Spider Form
Confirm with . or Enter, or press ? or * to list all spells.
You create a snake!
You now have 56 arrows.
Joseph hits you with a quarterstaff!
* * * LOW HITPOINT WARNING * * *
You hit Joseph.
Joseph is poisoned.
Joseph is lightly wounded.
You hit Joseph but do no damage.
Joseph is lightly wounded.
Your ball python completely misses Joseph.
Your ball python grabs Joseph.
Your ball python constricts Joseph.
Joseph closely misses you.
You completely miss Joseph.
Joseph is lightly wounded.
Your ball python bites Joseph but does no damage.
Your ball python constricts Joseph.
Joseph hits your ball python with a quarterstaff!
Your ball python dies!
Your transformation has ended.
Your +0 dagger unmelds from your body.
Your +2 cloak unmelds from your body.
Your cursed +0 pair of gloves unmelds from your body.
The cursed +1 robe of Yesterday {SInv} unmelds from your body.
Joseph hits you with a quarterstaff.
* * * LOW HITPOINT WARNING * * *
Evoke which item? (* to show all) (? for menu, Esc to quit)
Aiming: Corrosive Bolt
Press: ? - help, Shift-Dir - straight line, f - Joseph
Aim: Joseph, wielding a quarterstaff and wearing a leather armour (lightly wounded, poisoned)
The bolt of acid hits Joseph.
Joseph is splashed with acid.
The acid corrodes Joseph!
Joseph is moderately wounded.
Joseph hits you with a quarterstaff.
You die...

## .. #. . #..
##..
#..######.....
#.............
#...<.@@../...
#....####......
#..#... ##... .
###. # ##


You could see Joseph.

Vanquished Creatures
  A black bear (D:6)
  An ice beast (D:5)
  An ogre (D:4)
  A centaur (D:6)
  A bullfrog (D:6)
  A crimson imp (D:6)
  3 jellies
  An orc wizard (D:4)
  A worker ant (D:6)
  An adder (D:2)
  2 shadow imps (D:6)
  An ooze (D:5)
  An adder skeleton (D:5)
  A worm (D:4)
  A leopard gecko (D:6)
  3 orcs
  4 bats
  4 giant cockroaches
  A goblin (D:1)
  A hobgoblin (D:1)
  3 jackals (D:6)
  2 frilled lizards
  4 kobolds
  A rat (D:2)
41 creatures vanquished.

Notes
Turn   | Place    | Note
-------+----------+-------------------------------------------
     0 | D:1      | tidbits the Gnoll Transmuter began the quest for the Orb.
     0 | D:1      | Reached XP level 1. HP: 17/17 MP: 6/6
   104 | D:1      | Reached XP level 2. HP: 23/23 MP: 5/7
   112 | D:1      | Learned a level 2 spell: Sticks to Snakes
   305 | D:2      | Noticed an orc warrior
   311 | D:2      | Reached XP level 3. HP: 27/28 MP: 9/9
   316 | D:2      | Learned a level 3 spell: Spider Form
   343 | D:3      | Found a shattered altar of Ashenzari.
   343 | D:3      | Noticed Jessica
   425 | D:3      | Reached skill level 5 in Spellcasting
   493 | D:4      | Noticed an ogre
   506 | D:4      | Killed an ogre
   506 | D:4      | Reached skill level 1 in Short Blades
   506 | D:4      | Reached skill level 1 in Long Blades
   506 | D:4      | Reached skill level 1 in Axes
   506 | D:4      | Reached skill level 1 in Maces & Flails
   506 | D:4      | Reached skill level 1 in Polearms
   506 | D:4      | Reached skill level 1 in Staves
   506 | D:4      | Reached skill level 1 in Slings
   506 | D:4      | Reached skill level 1 in Bows
   506 | D:4      | Reached skill level 1 in Crossbows
   506 | D:4      | Reached skill level 1 in Throwing
   506 | D:4      | Reached skill level 1 in Armour
   506 | D:4      | Reached skill level 1 in Stealth
   506 | D:4      | Reached skill level 1 in Shields
   506 | D:4      | Reached skill level 1 in Conjurations
   506 | D:4      | Reached skill level 1 in Hexes
   506 | D:4      | Reached skill level 1 in Charms
   506 | D:4      | Reached skill level 1 in Summonings
   506 | D:4      | Reached skill level 1 in Necromancy
   506 | D:4      | Reached skill level 1 in Translocations
   506 | D:4      | Reached skill level 1 in Fire Magic
   506 | D:4      | Reached skill level 1 in Ice Magic
   506 | D:4      | Reached skill level 1 in Air Magic
   506 | D:4      | Reached skill level 1 in Earth Magic
   506 | D:4      | Reached skill level 1 in Poison Magic
   506 | D:4      | Reached skill level 1 in Invocations
   506 | D:4      | Reached skill level 1 in Evocations
   506 | D:4      | Reached XP level 4. HP: 21/34 MP: 0/11
   506 | D:4      | Reached XP level 5. HP: 25/40 MP: 0/12
   618 | D:5      | Entered Level 5 of the Dungeon
   661 | D:5      | Noticed an ice beast
   674 | D:5      | Killed an ice beast
   674 | D:5      | Reached skill level 3 in Fighting
   674 | D:5      | Reached skill level 4 in Transmutations
   674 | D:5      | Reached skill level 2 in Invocations
   674 | D:5      | Reached XP level 6. HP: 34/47 MP: 1/13
   763 | D:4      | Got a shadowed robe
   777 | D:4      | Identified the cursed +1 robe of Yesterday {SInv} (You took it off an orc on level 4 of the Dungeon)
   798 | D:4      | Reached skill level 5 in Dodging
   836 | D:6      | Reached skill level 2 in Short Blades
   836 | D:6      | Reached skill level 2 in Long Blades
   836 | D:6      | Reached skill level 2 in Axes
   836 | D:6      | Reached skill level 2 in Maces & Flails
   836 | D:6      | Reached skill level 2 in Polearms
   836 | D:6      | Reached skill level 2 in Staves
   836 | D:6      | Reached skill level 2 in Slings
   836 | D:6      | Reached skill level 2 in Bows
   836 | D:6      | Reached skill level 2 in Crossbows
   836 | D:6      | Reached skill level 2 in Throwing
   836 | D:6      | Reached skill level 2 in Armour
   836 | D:6      | Reached skill level 2 in Stealth
   836 | D:6      | Reached skill level 2 in Shields
   836 | D:6      | Reached skill level 2 in Evocations
   930 | D:6      | Reached XP level 7. HP: 31/52 MP: 9/15
   952 | D:6      | Reached skill level 7 in Unarmed Combat
   953 | D:6      | Gained mutation: You have a pair of small antennae on your head. [potion of mutation]
   953 | D:6      | Gained mutation: You have a pair of antennae on your head. [potion of mutation]
   956 | D:6      | HP: 3/52 [black bear (5)]
   958 | D:6      | Reached skill level 2 in Conjurations
   958 | D:6      | Reached skill level 2 in Hexes
   958 | D:6      | Reached skill level 2 in Charms
   958 | D:6      | Reached skill level 2 in Summonings
   958 | D:6      | Reached skill level 2 in Necromancy
   958 | D:6      | Reached skill level 2 in Translocations
   958 | D:6      | Reached skill level 2 in Fire Magic
   958 | D:6      | Reached skill level 2 in Ice Magic
   958 | D:6      | Reached skill level 2 in Air Magic
   958 | D:6      | Reached skill level 2 in Earth Magic
   958 | D:6      | Reached skill level 2 in Poison Magic
  1046 | D:7      | Noticed Joseph
  1053 | D:7      | HP: 4/52 [Joseph/quarterstaff (6)]
  1054 | D:7      | Slain by Joseph

Skill      XL: |  1  2  3  4  5  6  7 |
---------------+----------------------+-----
Spellcasting   | 5 |  5.6
Short Blades   | 1 2 |  2.5
Long Blades    | 1 2 |  2.5
Axes           | 1 2 |  2.5
Maces & Flails | 1 2 |  2.5
Polearms       | 1 2 |  2.5
Staves         | 1 2 |  2.5
Slings         | 1 2 |  2.5
Bows           | 1 2 |  2.5
Crossbows      | 1 2 |  2.5
Throwing       | 1 2 |  2.5
Armour         | 1 2 |  2.5
Stealth        | 1 2 |  2.5
Shields        | 1 2 |  2.5
Conjurations   | 1 2 |  2.0
Hexes          | 1 2 |  2.0
Charms         | 1 2 |  2.0
Summonings     | 1 2 |  2.0
Necromancy     | 1 2 |  2.0
Translocations | 1 2 |  2.0
Fire Magic     | 1 2 |  2.0
Ice Magic      | 1 2 |  2.0
Air Magic      | 1 2 |  2.0
Earth Magic    | 1 2 |  2.0
Poison Magic   | 1 2 |  2.0
Invocations    | 1 2 |  2.8
Evocations     | 1 2 |  2.5
Fighting       | 3 |  3.6
Transmutations | 4 |  4.3
Dodging        | 5 |  5.2
Unarmed Combat | 7 |  7.0

Action                   |  1- 3 |  4- 6 |  7- 9 || total
-------------------------+-------+-------+-------++-------
Melee: Unarmed           |    44 |    48 |    13 ||   105
       Headbutt          |     2 |       |       ||     2
       Kick              |     2 |       |       ||     2
       Bite              |     1 |       |     1 ||     2
       Dagger            |       |       |     2 ||     2
Throw: Tomahawk          |       |     8 |     4 ||    12
 Cast: Beastly Appendage |     9 |     1 |     1 ||    11
       Sticks to Snakes  |     2 |     2 |     3 ||     7
       Spider Form       |     4 |     7 |     3 ||    14
 Abil: End Transformatio |       |     1 |     2 ||     3
Evoke: Wand              |       |       |     1 ||     1
  Use: Scroll            |     5 |       |     2 ||     7
       Potion            |       |     2 |     2 ||     4
 Stab: Sleeping          |     1 |       |     1 ||     2
  Eat: Chunk             |       |     1 |     1 ||     2
Armor: Robe              |    11 |     2 |       ||    13
       Skin              |     1 |     1 |       ||     2
Dodge: Dodged            |    33 |    36 |    18 ||    87

Table legend:
 A = Turns spent in this place as a percentage of turns spent in the entire game.
 B = Non-inter-level travel turns spent in this place as a percentage of non-inter-level travel turns spent in the entire game.
 C = Inter-level travel turns spent in this place as a percentage of turns spent in this place.
 D = Turns resting spent in this place as a percentage of non-inter-level travel turns spent in this place.
 E = Turns spent auto-exploring this place as a percentage of non-inter-level travel turns spent in this place.
 F = Non-inter-level travel turns spent in this place divided by the number of levels of this place that you've seen.
                   A       B       C       D       E      F
               +-------+-------+-------+-------+-------+----------------------
         Total | 100.0 | 100.0 |   0.0 |   0.0 |   0.0 | 150.6
       Dungeon | 100.0 | 100.0 |   0.0 |   0.0 |   0.0 | 150.6
               +-------+-------+-------+-------+-------+----------------------

Table legend:
 A = Kills in this place as a percentage of kills in entire the game.
 B = Kills by you in this place as a percentage of kills by you in the entire game.
 C = Kills by friends in this place as a percentage of kills by friends in the entire game.
 D = Other kills in this place as a percentage of other kills in the entire game.
 E = Experience gained in this place as a percentage of experience gained in the entire game.
 F = Experience gained in this place divided by the number of levels of this place that you have seen.
                   A       B       C       D       E      F
               +-------+-------+-------+-------+-------+----------------------
         Total | 100.0 | 100.0 |   N/A |   N/A | 100.0 | 135.4
       Dungeon | 100.0 | 100.0 |   N/A |   N/A | 100.0 | 135.4
               +-------+-------+-------+-------+-------+----------------------

Vault maps used:
D:1:      dpeg_arrival_arbitrary_c
D:3:      evilmike_ruin_ashenzari, uniq_jessica
D:5:      first_ration, lemuel_tele_altar
D:6:      nemelex_xobeh_ov_fountains_minmay, uniq_sigmund
D:7:      minmay_temple_entry_mist, serial_shops, kennysheep_little_box,
          hangedman_decor_clover_reticule, uniq_prince_ribbit1, uniq_joseph
